 Dungeon Crawl Stone Soup version 0.27.0-1-g7a089689b8 (webtiles) character file.

Game seed: 6331082244227978688

378 ZombieSheep the Shield-Bearer (level 6, -2/47 HPs)
             Began as a Gnoll Wanderer on Aug 6, 2021.
             Was a Priest of Fedhas.
             Slain by a gnoll shaman (7 damage)
             ... on level 4 of the Dungeon.
             The game lasted 00:07:30 (4695 turns).

ZombieSheep the Shield-Bearer (Gnoll Wanderer)      Turns: 4695, Time: 00:07:32

Health: -2/47      AC:  4    Str: 20    XL:     6   Next: 74%
Magic:  11/11      EV: 12    Int: 11    God:    Fedhas [***...]
Gold:   122        SH:  0    Dex: 11    Spells: 12/12 levels left

rFire    . . .     SeeInvis .   b - +1 hand axe (freeze)
rCold    . . .     Faith    .   (no shield)
rNeg     + . .     Spirit   .   f - +1 leather armour
rPois    .         Reflect  .   (no helmet)
rElec    .         Harm     .   (no cloak)
rCorr    .         Rampage  .   (no gloves)
Will     .....                  (no boots)
Stlth    ++........             (no amulet)
HPRegen  0.15/turn              d - +6 ring of strength
MPRegen  0.12/turn              l - ring of positive energy

@: no status effects
A: fangs 1, strong nose, distributed training
a: Renounce Religion, Wall of Briars, Grow Ballistomycete


You were on level 4 of the Dungeon.
You worshipped Fedhas.
Fedhas was most pleased with you.
You visited 1 branch of the dungeon, and saw 4 of its levels.

You collected 122 gold pieces.

Inventory:

Hand Weapons
 a - a +0 spear
 b - a +1 hand axe of freezing (weapon)
Armour
 f - a +1 leather armour (worn)
 n - a +0 robe
Jewellery
 d - a +6 ring of strength (left hand)
 l - a ring of positive energy (right hand)
Scrolls
 g - a scroll of enchant armour
 i - a scroll of amnesia
 j - 2 scrolls of fear
 m - 2 scrolls of teleportation
Potions
 c - a potion of lignification
 e - 2 potions of degeneration {unknown}
 h - 3 potions of curing {unknown}
 k - a potion of ambrosia {unknown}
 o - a potion of attraction {unknown}


   Skills:
 + Level 3.3 Fighting
 + Level 2.1 Short Blades
 + Level 2.1 Long Blades
 + Level 2.1 Axes
 + Level 2.1 Maces & Flails
 + Level 2.1 Polearms
 + Level 2.1 Staves
 + Level 2.1 Slings
 + Level 2.1 Bows
 + Level 2.1 Crossbows
 + Level 2.1 Throwing
 + Level 2.1 Armour
 + Level 2.1 Dodging
 + Level 3.1 Stealth
 + Level 5.0 Shields
 + Level 3.3 Unarmed Combat
 + Level 3.5 Spellcasting
 + Level 1.6 Conjurations
 + Level 1.6 Hexes
 + Level 4.1 Summonings
 + Level 1.6 Necromancy
 + Level 1.6 Translocations
 + Level 1.6 Transmutations
 + Level 4.1 Fire Magic
 + Level 1.6 Ice Magic
 + Level 1.6 Air Magic
 + Level 1.6 Earth Magic
 + Level 1.6 Poison Magic
 + Level 2.3 Invocations
 + Level 2.1 Evocations


You had 12 spell levels left.
You didn't know any spells.
Your spell library contained the following spells:

 Spells                   Type           Power      Damage    Failure   Level
 Foxfire                  Conj/Fire      32%        2x1d5     9%          1
 Sting                    Tmut/Pois      20%        1d4       14%         1
 Corpse Rot               Necr/Air       N/A        N/A       22%         2
 Poisonous Vapours        Pois/Air       10%        N/A       22%         2
 Conjure Flame            Conj/Fire      8%         6-21      26%         3
 Inner Flame              Hex/Fire       8%         N/A       26%         3
 Spider Form              Tmut/Pois      2%         N/A       41%         3
 Sticky Flame             Conj/Fire      8%         2d3       65%         4
 Fulminant Prism          Conj/Hex       2%         3d6       82%         4
 Iskenderun's Mystic Bla  Conj/Tloc      5%         2d3       82%         4
 Fireball                 Conj/Fire      4%         3d4       94%         5
 Freezing Cloud           Conj/Ice/Air   2%         6-21      99%         5
 Lee's Rapid Deconstruct  Erth           2%         3d6*      99%         5


Dungeon Overview and Level Annotations

Branches:
Dungeon (4/15)
 Temple: D:4-7

Altars:
Fedhas
Nemelex Xobeh

Shops:
D:2 *


Innate Abilities, Weirdness & Mutations

You have very sharp teeth.
Your uncanny sense of smell can sniff out nearby items.
Your experience applies equally to all skills.


Message History

A gnoll comes into view. It is wielding a +0 whip.
A gnoll shaman comes into view. It is wielding a +0 whip.
There is an open door here.
A gnoll comes into view. It is wielding a +0 halberd.
The gnoll shaman shouts!
The gnoll shouts!
You hear a shout!
The gnoll shouts!
A gnoll comes into view. It is wielding a +0 club.
The gnoll shouts!
You barely miss the gnoll. The gnoll hits you with a +0 whip.
The gnoll hits you from afar with a +0 halberd.
The gnoll completely misses you.
You barely miss the gnoll shaman. You barely miss the gnoll.
The gnoll shaman closely misses you. The gnoll misses you.
The gnoll hits you with a +0 whip! The gnoll shaman completely misses you.
You hit the gnoll shaman. You freeze the gnoll shaman.
The gnoll shaman is heavily wounded.
You hit the gnoll. You freeze the gnoll. The gnoll closely misses you.
The gnoll hits you with a +0 whip.
The gnoll shaman calls upon its god to heal the gnoll.
The gnoll's wounds heal themselves!
You hit the gnoll shaman. You freeze the gnoll shaman.
Your bite misses the gnoll shaman.
The gnoll shaman is heavily wounded.
You hit the gnoll but do no damage. The gnoll misses you.
The gnoll hits you with a +0 whip.
The gnoll shaman hits you with a +0 whip!
* * * LOW HITPOINT WARNING * * *
You are too injured to fight recklessly!
You hit the gnoll. You freeze the gnoll. You bite the gnoll, but do no damage.
The gnoll is lightly wounded.
You closely miss the gnoll shaman. The gnoll barely misses you. x2
The gnoll shaman completely misses you.
The gnoll hits you from afar with a +0 halberd!
* * * LOW HITPOINT WARNING * * *
You slash the gnoll! You freeze the gnoll.
You kill the gnoll!
Fedhas appreciates your contribution to the ecosystem.
You hit the gnoll shaman. You freeze the gnoll shaman.
The gnoll shaman hits you with a +0 whip!
You die...
Fedhas appreciates your contribution to the ecosystem.

#...........#†###.#
#...........#.# #.###
#......###..#'###....
#.....## ##........##
#....## ##...(...##
####'# #......... #.#
#......... #.#
#......... #@#
########.. ......gg#
########.. ......g.#
#......'.. ........#
##.>...#.. ........#
#.....#.. .....####
#.....#.. .....
...######.. ..... ..
#.. . #..


You could see a gnoll shaman and 2 gnolls.

Vanquished Creatures
  A scorpion (D:4)
  2 hounds (D:4)
  2 orc priests
  An iguana (D:4)
  A gnoll (D:4)
  4 adders
  2 ufetubi (D:4)
  3 worms
  2 dart slugs
  10 orcs
  6 bats
  7 endoplasms
  A giant cockroach (D:2)
  7 hobgoblins
  13 jackals
  4 quokkas
  4 ball pythons
  11 frilled lizards
  9 kobolds
  5 rats
95 creatures vanquished.

Vanquished Creatures (collateral kills)
  An orc wizard (D:3)
  2 orcs
3 creatures vanquished.

Vanquished Creatures (others)
  8 plants (D:3)
8 creatures vanquished.

Grand Total: 106 creatures vanquished

Notes
Turn   | Place    | Note
-------+----------+-------------------------------------------
     0 | D:1      | ZombieSheep the Gnoll Wanderer began the quest for the Orb.
     0 | D:1      | ZombieSheep set off with the following items: a +0 club, a
                  | +0 robe, a potion of lignification; and the following
                  | spells available to memorise: Foxfire, Sting, Conjure
                  | Flame, Inner Flame, Spider Form, Sticky Flame, Fireball
     0 | D:1      | Reached XP level 1. HP: 17/17 MP: 4/4
   395 | D:1      | Reached XP level 2. HP: 23/23 MP: 5/5
   905 | D:1      | Found a faded altar of an unknown god.
   914 | D:1      | Became a worshipper of Fedhas Madash
   914 | D:1      | Reached * piety under Fedhas
   917 | D:1      | Reached XP level 3. HP: 28/28 MP: 7/7
  1283 | D:2      | Found Naire's General Store.
  1469 | D:2      | Reached skill level 1 in Invocations
  2033 | D:3      | Reached ** piety under Fedhas
  2034 | D:3      | Reached skill level 1 in Short Blades
  2034 | D:3      | Reached skill level 1 in Long Blades
  2034 | D:3      | Reached skill level 1 in Axes
  2034 | D:3      | Reached skill level 1 in Maces & Flails
  2034 | D:3      | Reached skill level 1 in Polearms
  2034 | D:3      | Reached skill level 1 in Staves
  2034 | D:3      | Reached skill level 1 in Slings
  2034 | D:3      | Reached skill level 1 in Bows
  2034 | D:3      | Reached skill level 1 in Crossbows
  2034 | D:3      | Reached skill level 1 in Throwing
  2034 | D:3      | Reached skill level 1 in Armour
  2034 | D:3      | Reached skill level 1 in Dodging
  2034 | D:3      | Reached skill level 1 in Evocations
  2130 | D:3      | Reached XP level 4. HP: 5/34 MP: 4/8
  2137 | D:3      | Reached skill level 1 in Conjurations
  2137 | D:3      | Reached skill level 1 in Hexes
  2137 | D:3      | Reached skill level 1 in Necromancy
  2137 | D:3      | Reached skill level 1 in Translocations
  2137 | D:3      | Reached skill level 1 in Transmutations
  2137 | D:3      | Reached skill level 1 in Ice Magic
  2137 | D:3      | Reached skill level 1 in Air Magic
  2137 | D:3      | Reached skill level 1 in Earth Magic
  2137 | D:3      | Reached skill level 1 in Poison Magic
  2392 | D:3      | Reached XP level 5. HP: 40/40 MP: 9/9
  3754 | D:4      | Found a sparkling altar of Nemelex Xobeh.
  3836 | D:4      | Reached XP level 6. HP: 23/47 MP: 10/10
  4155 | D:4      | Reached skill level 5 in Shields
  4555 | D:4      | Reached *** piety under Fedhas
  4695 | D:4      | Slain by a gnoll shaman

Illustrated notes

Levels and vault maps discovered:
D:1:      dpeg_arrival_leaves_temple_mockup, layout_loops_ring,
          shapermc_ecumenical_altar_mp_highgroup
D:2:      layout_basic, serial_shops, nicolae_shop_trees
D:3:      layout_loops_ring, minmay_misc_feat_pillars,
          minmay_misc_feat_four_crosses, minmay_lizard_king
D:4:      layout_basic, mainiacjoe_overflow_surrounded_room,
          kennysheep_little_box, marbit_many_paths, serial_park_tiny_pond

Skill      XL: |  1  2  3  4  5  6 |
---------------+-------------------+-----
Invocations    | 1 2 |  2.3
Short Blades   | 1 2 |  2.1
Long Blades    | 1 2 |  2.1
Axes           | 1 2 |  2.1
Maces & Flails | 1 2 |  2.1
Polearms       | 1 2 |  2.1
Staves         | 1 2 |  2.1
Slings         | 1 2 |  2.1
Bows           | 1 2 |  2.1
Crossbows      | 1 2 |  2.1
Throwing       | 1 2 |  2.1
Armour         | 1 2 |  2.1
Dodging        | 1 2 |  2.1
Evocations     | 1 2 |  2.1
Spellcasting   | 3 |  3.5
Conjurations   | 1 |  1.6
Hexes          | 1 |  1.6
Necromancy     | 1 |  1.6
Translocations | 1 |  1.6
Transmutations | 1 |  1.6
Ice Magic      | 1 |  1.6
Air Magic      | 1 |  1.6
Earth Magic    | 1 |  1.6
Poison Magic   | 1 |  1.6
Fighting       | 3 |  3.3
Unarmed Combat | 3 |  3.3
Summonings     | 4 |  4.1
Fire Magic     | 4 |  4.1
Stealth        | 3 |  3.1
Shields        | 5 |  5.0

Action                   |  1- 3 |  4- 6 || total
-------------------------+-------+-------++-------
Melee: Spear             |   168 |    89 ||   257
       Bite              |     7 |    13 ||    20
       Punch             |     1 |     1 ||     2
       Hand axe          |       |   113 ||   113
Invok: Wall of Briars    |     1 |     1 ||     2
  Use: Scroll            |     5 |       ||     5
       Potion            |       |     2 ||     2
 Stab: Sleeping          |    11 |     6 ||    17
       Distracted        |       |     1 ||     1
Armor: Robe              |     5 |       ||     5
       Leather armour    |    26 |    54 ||    80
Dodge: Dodged            |    83 |   130 ||   213
